 Dungeon Crawl Stone Soup version 0.21.1-1-g345015f (webtiles) character file.

21 n0claF the Caller (level 2, -2/15 HPs)
             Began as a Deep Elf Summoner on July 4, 2018.
             Slain by a worm (7 damage)
             ... on level 2 of the Dungeon.
             The game lasted 00:04:43 (1753 turns).

n0claF the Caller (Deep Elf Summoner)               Turns: 1753, Time: 00:04:44

Health: -2/15      AC:  2    Str:  5    XL:     2   Next: 65%
Magic:  2/8        EV: 13    Int: 19    God:
Gold:   37         SH:  0    Dex: 15    Spells: 4/7 levels left

rFire    . . .     SeeInvis .   (no weapon)
rCold    . . .     Gourm    .   (no shield)
rNeg     . . .     Faith    .   a - +0 robe
rPois    .         Spirit   .   (no helmet)
rElec    .         Reflect  .   (no cloak)
rCorr    .         Harm     .   (no gloves)
MR       .....                  (no boots)
Stlth    ++........             (no amulet)
HPRegen  0.05/turn              (no ring)
MPRegen  0.11/turn              (no ring)

@: very slightly contaminated
A: no striking features
a: no special abilities


You were on level 2 of the Dungeon.
You were not hungry.

You visited 1 branch of the dungeon, and saw 2 of its levels.

You collected 37 gold pieces.

Inventory:

Armour
 a - a +0 robe (worn)
 i - a +0 helmet
   (You found it on level 1 of the Dungeon)
Scrolls
 c - a scroll of remove curse {unknown}
 d - a scroll of magic mapping {unknown}
 g - a scroll of enchant weapon {unknown}
 j - a scroll of identify {unknown}
Potions
 h - a potion of lignification {unknown}
 k - 2 potions of haste {unknown}
Books
 b - a book of Callings
Comestibles
 e - 4 rations {!d}
 f - 3 chunks of flesh


   Skills:
 - Level 2.4 Dodging
 - Level 2.4 Stealth
 - Level 3.0 Spellcasting
 + Level 5.3 Summonings


You had 4 spell levels left.
You knew the following spells:

 Your Spells              Type           Power        Failure   Level  Hunger
a - Summon Small Mammal   Summ           ###.         1%          1    None
b - Call Imp              Summ           ###.....     2%          2    ##.....


Dungeon Overview and Level Annotations

Branches:
Dungeon (2/15)

Altars:
Xom


Message History

Found 2 grey potions.
Found 12 arrows.
Found 13 gold pieces.
k - 2 grey potions You now have 37 gold pieces (gained 13).
Your white imp disappears in a puff of smoke!
You swap places.
Done exploring.
Done exploring.
Done exploring.
You swap places.
You see here 18 arrows.
There is a stone staircase leading down here.
You climb downwards.
Your summoned ally is left behind.
A worm comes into view.
There is a stone staircase leading up here.
A beastly little devil appears in a puff of flame.
You miscast Call Imp.
You are very lightly contaminated with residual magic.
The world appears momentarily distorted.
Your crimson imp hits the worm.
A beastly little devil appears in a puff of flame.
Your crimson imp hits the worm.
The worm bites your crimson imp but does no damage.
Your crimson imp barely misses the worm.
Your crimson imp blinks!
Your crimson imp hits the worm.
Your crimson imp blinks!
The worm bites your crimson imp.
Your crimson imp hits the worm.
Nothing appears to happen.
Your crimson imp blinks!
You don't have enough magic to cast that spell.
Your crimson imp blinks!
You hit the worm but do no damage. The worm misses you.
You hit the worm.
Your crimson imp blinks!
You barely miss the worm. The worm misses you.
Your crimson imp hits the worm.
You hit the worm.
Your crimson imp hits the worm.
You hit the worm. The worm bites you.
Your crimson imp blinks!
You hit the worm. The worm closely misses you.
Your crimson imp hits the worm but does no damage.
You barely miss the worm.
Your crimson imp hits the worm.
You hit the worm. The worm bites you.
* * * LOW HITPOINT WARNING * * *
Your crimson imp hits the worm.
You barely miss the worm.
Your crimson imp barely misses the worm.
You hit the worm. The worm bites you!
You die...

###
#@#
#w#
#5#
#5#
#.#
#.#
...
#.#


You could see a worm and 2 friendly crimson imps.

Vanquished Creatures
  A kobold (D:1)
1 creature vanquished.

Vanquished Creatures (collateral kills)
  An ooze (D:1)
  A dart slug (D:1)
  2 ball pythons (D:1)
  2 bats (D:1)
  3 giant cockroaches (D:1)
  2 goblins (D:1)
  4 hobgoblins (D:1)
  4 jackals (D:1)
  A frilled lizard (D:1)
  2 kobolds (D:1)
  4 rats (D:1)
26 creatures vanquished.

Grand Total: 27 creatures vanquished

Notes
Turn   | Place    | Note
-------+----------+-------------------------------------------
     0 | D:1      | n0claF the Deep Elf Summoner began the quest for the Orb.
     0 | D:1      | Reached XP level 1. HP: 10/10 MP: 6/6
   475 | D:1      | Found a shimmering altar of Xom.
   477 | D:1      | Found a deep blue altar of Sif Muna.
   477 | D:1      | Found an opulent altar of Gozag.
   502 | D:1      | Reached XP level 2. HP: 15/15 MP: 1/8
   669 | D:1      | Found a glowing silver altar of Zin.
   669 | D:1      | Found a snail-covered altar of Cheibriados.
   669 | D:1      | Found a shimmering altar of Xom.
   975 | D:1      | Learned a level 2 spell: Call Imp
  1055 | D:1      | Reached skill level 5 in Summonings
  1753 | D:2      | Slain by a worm

Skill      XL: |  1  2 |
---------------+-------+-----
Summonings     | 5 |  5.3
Dodging        | |  2.4
Stealth        | |  2.4
Spellcasting   | |  3.0

Action                   || total
-------------------------++-------
Melee: Unarmed           ||    14
 Cast: Summon Small Mamm ||    30
       Call Imp          ||    22
  Eat: Chunk             ||     3
Armor: Robe              ||     5
Dodge: Dodged            ||    17
